 Dungeon Crawl Stone Soup version 0.18.1-50-g88ac8fd (webtiles) character file.

145161 varam the Unseen (level 16, -6/87 HPs)
             Began as a Spriggan Enchanter on Oct 19, 2016.
             Was the Champion of Kikubaaqudgha.
             Mangled by Arachne
             ... wielding an uncursed staff of poison
              (21 damage)
             ... on level 2 of the Spider Nest.
             The game lasted 02:45:16 (46134 turns).

varam the Unseen (Spriggan Enchanter)              Turns: 46134, Time: 02:45:17

Health: -6/87      AC:  7    Str:  4      XL:     16   Next: 86%
Magic:  15/30      EV: 16    Int: 23      God:    Kikubaaqudgha [******]
Gold:   3211       SH:  0    Dex: 17 (20) Spells: 8 memorised, 0 levels left

rFire  + . .     SeeInvis +     t - +1 dagger (venom)
rCold  . . .     Gourm    .     c - +2 robe {rN+}
rNeg   + . .     Faith    .     O - +0 buckler
rPois  +         Spirit   .     f - +1 hat
rElec  .         Dismiss  .     u - +1 cloak "Gifeeffa" {MR+}
rCorr  .         Reflect  .     (gloves unavailable)
SustAt .         Harm     .     (boots unavailable)
MR     +++..                    r - amulet of magic regeneration
Stlth  +++++++++.               T - ring "Anwile" {rF+ Dex+3}
                                q - ring of poison resistance

@: lethally poisoned (-6 -> -9), held, very quick, extremely resistant to
hostile enchantments, incredibly stealthy
A: unfitting armour, see invisible, herbivore 3, speed 3, slow metabolism 2
a: Receive Corpses, Torment, Brand Weapon With Pain, Receive Necronomicon,
Renounce Religion


You were on level 2 of the Spider Nest.
You worshipped Kikubaaqudgha.
Kikubaaqudgha was exalted by your worship.
You were not hungry.

You visited 6 branches of the dungeon, and saw 33 of its levels.
You also visited: Sewer.

You collected 3271 gold pieces.
You spent 60 gold pieces at shops.

Inventory:

Hand Weapons
 t - a +1 dagger of venom (weapon)
 G - a +0 rapier of draining
 R - a +0 short sword of draining
Missiles
 b - 474 stones (quivered)
Armour
 c - a +2 robe of positive energy (worn)
 d - a +2 robe of cold resistance
 f - a +1 hat (worn)
 u - the +1 cloak "Gifeeffa" (worn) {MR+}
   (You found it on level 4 of the Dungeon)

   It affects your resistance to hostile enchantments.
 O - a +0 buckler (worn)
Rods
 J - a -3 iron rod (14/14)
   (You found it on level 4 of the Swamp)
Jewellery
 a - an uncursed ring of protection from fire
 o - a +3 ring of strength
 q - a ring of poison resistance (left hand)
 r - an amulet of magic regeneration (around neck)
 T - the ring "Anwile" (right hand) {rF+ Dex+3}
   (You found it on level 1 of the Lair of Beasts)

   [ring of dexterity]

   It affects your dexterity (+3).
   It protects you from fire.
 W - an uncursed ring of flight
 Y - an uncursed ring of positive energy {unknown}
Wands
 g - a wand of confusion (26/48)
 h - a wand of slowing (25/48)
 n - a wand of iceblast (7/15)
 A - a wand of acid (3/15)
 K - a wand of polymorph (10/24)
 M - a wand of flame (17/48)
 P - a wand of iceblast (7/15)
 V - a wand of confusion (18/48)
 X - a wand of paralysis (14/24)
Scrolls
 e - 12 scrolls of teleportation
 j - 9 scrolls of fear
 l - 4 scrolls of identify
 p - 5 scrolls of blinking
 s - a scroll of vulnerability {unknown}
 v - a scroll of fog
 x - 10 scrolls of remove curse
 y - 2 scrolls of enchant armour
 B - 5 scrolls of magic mapping
 D - 3 scrolls of noise
 E - 2 scrolls of amnesia
 Q - a scroll of torment {unknown}
Potions
 i - 3 potions of brilliance
 k - 15 potions of curing
 m - 6 potions of heal wounds
 z - a potion of resistance
 C - 6 potions of might
 F - 2 potions of flight
Books
 H - a book of Flames

   Spells                             Type                      Level
   a - Flame Tongue                   Conjuration/Fire             1
   b - Throw Flame                    Conjuration/Fire             2
   c - Conjure Flame                  Conjuration/Fire             3
   d - Inner Flame                    Hexes/Fire                   3
   e - Sticky Flame                   Conjuration/Fire             4
   f - Fireball                       Conjuration/Fire             5
 L - a book of Party Tricks

   Spells                             Type                      Level
   a - Summon Butterflies             Summoning                    1
   b - Apportation                    Translocation                1
   c - Tukima's Dance                 Hexes                        3
   d - Alistair's Intoxication        Transmutation/Poison         5
   e - Invisibility                   Hexes                        6
 N - a book of Conjurations

   Spells                             Type                      Level
   a - Magic Dart                     Conjuration                  1
   b - Searing Ray                    Conjuration                  2
   c - Dazzling Spray                 Conjuration/Hexes            3
   d - Fulminant Prism                Conjuration/Hexes            4
   e - Iskenderun's Mystic Blast      Conjuration                  4
   f - Iskenderun's Battlesphere      Conjuration/Charms           5
 U - a book of Fire

   Spells                             Type                      Level
   a - Ignite Poison                  Fire/Transmutation/Poison    3
   b - Fireball                       Conjuration/Fire             5
   c - Bolt of Fire                   Conjuration/Fire             6
   d - Delayed Fireball               Conjuration/Fire             7
   e - Ring of Flames                 Charms/Fire                  7
Miscellaneous
 I - a fan of gales
Comestibles
 w - 6 bread rations
 S - 15 fruits


   Skills:
 - Level 11.0 Fighting
 - Level 10.5 Short Blades
 - Level 15.0 Dodging
 + Level 20.9 Stealth
 - Level 4.1 Shields
 - Level 9.0 Spellcasting
 - Level 10.0 Hexes
 + Level 11.3 Necromancy
 + Level 8.8 Ice Magic


You couldn't memorise any spells.
You knew the following spells:

 Your Spells              Type           Power        Failure   Level  Hunger
a - Ensorcelled Hibernat  Hex/Ice        ######       1%          2    None
b - Simulacrum            Ice/Necr       ######....   21%         6    ######.
c - Confuse               Hex            ######..     1%          3    None
d - Dazzling Spray        Conj/Hex       ####..       3%          3    None
e - Agony                 Necr           ######..     1%          5    ####...
f - Ozocubu's Armour      Chrm/Ice       ####....     4%          3    None
g - Invisibility          Hex            ######..     21%         6    ######.
z - Dispel Undead         Necr           ######..     1%          5    ####...


Dungeon Overview and Level Annotations

Branches:
Dungeon (15/15) Temple (1/1) D:4 Lair (8/8) D:10 Swamp (4/4) Lair:6 Spider (3/4) Lair:4 Slime (0/6) Lair:8 Orc (2/2) D:12 Elf (0/3) Orc:2 Vaults (0/5) D:13 D:14 Depths (0/5) D:15

Altars:
Ashenzari
Cheibriados
Dithmenos
Elyvilon
Fedhas
Gozag
Kikubaaqudgha
Makhleb
Nemelex Xobeh
Okawaru
Pakellas
Qazlal
Ru
Sif Muna
Trog
Vehumet
Xom
Yredelemnul
Zin
The Shining One
Beogh
Jiyva

Shops:
D:4 =   D:7 !(=:   D:8 [   Orc:2 (*=[

Annotations:
Swamp:4 exclusion: Roxanne, Roxanne
Spider:2 Arachne
Spider:3 Azrael


Innate Abilities, Weirdness & Mutations

You are tiny and cannot use many weapons and most armour.
You have supernaturally acute eyesight.
You are a herbivore.
You cover ground extremely quickly.
You need consume almost no food.


Message History

Aim: Arachne, wielding a staff of poison (chance to defeat MR: 40%) Arachne resists with some effort.
You feel sick.
Arachne's staff shoots out a stream of webbing.
The stream of webbing hits you!
You are caught in a web!
You struggle to detach yourself from the web.
You struggle to detach yourself from the web.
You feel sick.
Arachne stares at you and mumbles some strange words.
The poison arrow misses you.
Arachne hits you with a staff of poison.
* * * LOW HITPOINT WARNING * * *
You struggle to detach yourself from the web.
You feel sick.
Arachne stares at you and mumbles some strange words.
The bolt of poison misses you.
You struggle to detach yourself from the web.
You feel sick.
Arachne hits you with a staff of poison!!
You die...
Kikubaaqudgha rasps: "You have failed me!
Welcome... death!"

#........#..#......#..#####....#
^........##.#..........# ##^..#
..#.#.......#.#...#.#..### #####
.....#.....).#^......#...###
..#........#.....#.....#...#
..........#.#..............#
...#........^...#..........#
...#..#..........#.#......##
...#...........#@#.........###
..^..##.#.....#.H.......##...#
..............#......#......^##
##.#.#.^.#....................###
####.#..#^...#.................#
##....#.^...........#........
#.....#.....................
#..............#.....#.....#
#........#.......#.....#....


You could see Arachne.

Vanquished Creatures
  Kirke (Lair:7)
  Frances (Swamp:1)
  A thorn hunter (Swamp:1)
  The ghost of Galewind the Scorcher, an adept DECj of Sif Muna (Swamp:4)
  A ghost moth (Spider:1)
  2 orc warlords
  The ghost of Duraxyll the Bludgeoner, a journeyman GrBe of Trog (Swamp:3)
  Nessos (D:12)
  An ettin (Orc:2)
  Snorg (Lair:7)
  A fire dragon (D:15)
  Fannar (Lair:2)
  An entropy weaver (Spider:2)
  12 hydras
  5 catoblepae
  An ice dragon (D:15)
  A ghost crab (Swamp:1)
  5 centaur warriors
  11 death yaks
  An alligator (Swamp:1)
  3 orc high priests (Orc:2)
  7 spriggans
  4 skeletal warriors
  3 unseen horrors
  A shambling mangrove (Swamp:4)
  A spriggan druid (Swamp:2)
  A wizard (D:14)
  2 swamp dragons
  7 hill giants
  8 wolf spiders
  3 orb spiders
  6 orc knights
  4 hornets
  6 orc sorcerers
  2 deep elf magi
  5 cyclopes
  A manticore (D:14)
  3 griffons
  9 ugly things
  A moth of wrath (Spider:1)
  3 black mambas
  Maurice (D:12)
  4 torpor snails
  A centaur zombie (D:14)
  16 elephants (Lair:3)
  8 spiny frogs
  A kobold demonologist (D:12)
  2 gargoyles
  3 rime drakes
  5 komodo dragons
  5 demonic crawlers
  7 two-headed ogres
  A giant leech (Swamp:3)
  14 jumping spiders
  10 trolls
  17 blink frogs
  7 slime creatures
  2 boulder beetles
  10 bog bodies
  A water elemental (D:15)
  7 wyverns
  14 redbacks
  A shadow (Swamp:2)
  4 tarantellas
  Eustachio (D:5)
  16 humans (D:13)
  7 basilisks
  51 yaks
  Grum (D:8)
  6 hogs (Lair:7)
  3 fire elementals
  15 hippogriffs
  2 hungry ghosts
  25 vampire mosquitoes
  4 wargs
  13 insubstantial wisps
  22 swamp worms
  2 mottled dragons
  11 water moccasins
  39 orc warriors
  13 porcupines
  6 swamp drakes
  Purgy (D:3)
  4 ice beasts
  8 wasps
  4 phantoms
  4 sky beasts
  7 wolves
  15 ogres
  A necrophage (D:10)
  16 centaurs
  21 crocodiles
  4 big kobolds
  24 giant frogs
  A water moccasin zombie (D:11)
  A wyvern skeleton (D:12)
  5 scorpions
  10 killer bees
  16 wights
  8 howler monkeys
  4 electric eels
  2 giant frog zombies
  6 crimson imps
  6 hounds
  A jelly (D:10)
  27 orc wizards
  23 orc priests
  A gnoll shaman (D:5)
  4 centaur skeletons
  12 iguanas
  14 worker ants
  7 hell rats
  25 sheep
  A hound zombie (D:7)
  A hound skeleton (D:11)
  8 gnolls
  9 adders
  30 river rats
  A shadow imp (D:8)
  2 oozes (D:4)
  4 adder skeletons
  11 worms
  2 giant geckos
  92 orcs
  11 bats
  6 giant cockroaches
  9 goblins
  6 hobgoblins
  2 jackals
  5 quokkas
  5 ball pythons
  2 giant gecko skeletons
  6 giant newts
  A jackal zombie (D:5)
  24 kobolds
  25 rats
  4 fungi
  2 plants (Lair:2)
1059 creatures vanquished.

Vanquished Creatures (collateral kills)
  A redback (Spider:2)
1 creature vanquished.

Vanquished Creatures (others)
  An orc wizard (Orc:2)
  7 bushes
  39 fungi
  13 plants
60 creatures vanquished.

Grand Total: 1120 creatures vanquished

Notes
Turn   | Place    | Note
--------------------------------------------------------------
     0 | D:1      | varam the Spriggan Enchanter began the quest for the Orb.
     0 | D:1      | Reached XP level 1. HP: 9/9 MP: 5/5
   280 | D:1      | Reached XP level 2. HP: 13/13 MP: 4/6
   284 | D:1      | Learned a level 2 spell: Ensorcelled Hibernation
   436 | D:1      | Reached skill level 5 in Stealth
   770 | D:1      | Reached XP level 3. HP: 15/16 MP: 5/8
  1084 | D:1      | Learned a level 3 spell: Confuse
  1966 | D:2      | Reached skill level 6 in Stealth
  2164 | D:2      | Reached XP level 4. HP: 18/21 MP: 2/9
  2811 | D:3      | Found an ancient bone altar of Kikubaaqudgha.
  3102 | D:3      | Found a sacrificial altar of Ru.
  3107 | D:3      | Reached skill level 7 in Stealth
  3194 | D:3      | Reached XP level 5. HP: 24/24 MP: 10/10
  3231 | D:3      | Became a worshipper of Kikubaaqudgha
  3295 | D:3      | Noticed Purgy
  3297 | D:3      | Killed Purgy
  3297 | D:3      | Reached skill level 8 in Stealth
  3569 | D:4      | Found a staircase to the Ecumenical Temple.
  3576 | Temple   | Entered the Ecumenical Temple
  4034 | D:4      | Reached XP level 6. HP: 28/28 MP: 5/11
  4348 | D:4      | Got a scorched cloak
  4354 | D:4      | Found Sizive Qeva's Jewellery Shop.
  4561 | D:4      | Reached skill level 5 in Short Blades
  4966 | D:5      | Entered Level 5 of the Dungeon
  4994 | D:5      | Identified the +1 cloak "Gifeeffa" {MR+} (You found it on level 4 of the Dungeon)
  5013 | D:5      | Reached * piety under Kikubaaqudgha
  5013 | D:5      | Received a gift from Kikubaaqudgha
  5031 | D:5      | Identified Kikubaaqudgha's Compendium of Necromancy (Kikubaaqudgha gifted it to you on level 5 of the Dungeon)
  5094 | D:5      | Noticed Eustachio
  5317 | D:4      | Reached XP level 7. HP: 24/32 MP: 5/12
  5632 | D:5      | Found a glowing drain.
  5641 | Sewer    | Entered a sewer
  7139 | D:5      | Killed Eustachio
  7289 | D:5      | Reached XP level 8. HP: 36/36 MP: 2/13
  7363 | D:5      | Found a deep blue altar of Sif Muna.
  7924 | D:6      | Found a shattered altar of Ashenzari.
  7995 | D:6      | Reached skill level 5 in Hexes
  8028 | D:6      | Reached ** piety under Kikubaaqudgha
  8273 | D:7      | Found an opulent altar of Gozag.
  8276 | D:7      | Found an iron altar of Okawaru.
  8281 | D:7      | Found a shattered altar of Ashenzari.
  8283 | D:7      | Found a radiant altar of Vehumet.
  8283 | D:7      | Found a snail-covered altar of Cheibriados.
  8286 | D:7      | Found a shadowy altar of Dithmenos.
  8312 | D:7      | Found Rauneki's Jewellery Emporium.
  8343 | D:7      | Reached skill level 1 in Fighting
  8376 | D:7      | Found Jaihosacs's Antique Weapon Shop.
  8382 | D:7      | Found Igast's Distillery.
  8529 | D:7      | Found Lugyuvun's Book Emporium.
  8991 | D:8      | Reached XP level 9. HP: 41/41 MP: 2/16
  8997 | D:8      | Noticed Grum
  9156 | D:8      | Found Uryar's Antique Armour Emporium.
  9394 | D:8      | Reached skill level 5 in Dodging
  9522 | D:8      | Killed Grum
 10000 | D:9      | Noticed a troll
 10015 | D:9      | Killed a troll
 10015 | D:9      | Reached *** piety under Kikubaaqudgha
 10015 | D:9      | Received a gift from Kikubaaqudgha
 10018 | D:9      | Identified Kikubaaqudgha's Papyrus of Necromancy (Kikubaaqudgha gifted it to you on level 9 of the Dungeon)
 10025 | D:9      | Learned a level 5 spell: Dispel Undead
 10034 | D:9      | Reached XP level 10. HP: 49/49 MP: 15/17
 10092 | D:9      | Found a basalt altar of Yredelemnul.
 10223 | D:9      | Reached skill level 10 in Short Blades
 10223 | D:9      | Reached skill level 9 in Stealth
 10284 | D:9      | Reached skill level 1 in Necromancy
 10755 | D:9      | Reached skill level 10 in Stealth
 11148 | D:10     | Entered Level 10 of the Dungeon
 11177 | D:10     | Noticed a hill giant
 11293 | D:10     | Killed a hill giant
 11293 | D:10     | Reached **** piety under Kikubaaqudgha
 11293 | D:10     | Reached skill level 11 in Stealth
 11348 | D:10     | Found a staircase to the Lair.
 11675 | D:10     | Noticed a hill giant
 11682 | D:10     | Killed a hill giant
 11725 | D:10     | Reached skill level 12 in Stealth
 12291 | D:10     | Reached skill level 5 in Spellcasting
 12291 | D:10     | Reached XP level 11. HP: 53/53 MP: 12/19
 12775 | D:11     | Found a basalt altar of Yredelemnul.
 12817 | D:11     | Noticed a hill giant
 12818 | D:11     | Noticed a griffon
 12824 | D:11     | Killed a hill giant
 12830 | D:11     | Killed a griffon
 13142 | D:11     | Reached skill level 1 in Shields
 13744 | D:11     | Reached ***** piety under Kikubaaqudgha
 13904 | D:11     | Noticed a green ugly thing
 13932 | D:11     | Killed a green ugly thing
 13932 | D:11     | Reached skill level 5 in Fighting
 14144 | D:12     | Noticed Maurice
 14197 | D:12     | Killed Maurice
 14367 | D:12     | Noticed a deep elf mage
 14383 | D:12     | Reached skill level 10 in Hexes
 14527 | D:12     | Killed a deep elf mage
 14586 | D:12     | Noticed Nessos
 14598 | D:13     | Found a shadowy altar of Dithmenos.
 14713 | D:13     | Noticed a hill giant
 14728 | D:13     | Reached skill level 5 in Necromancy
 15076 | D:13     | Noticed a skeletal warrior
 15097 | D:13     | Noticed an unseen horror
 15104 | D:13     | Killed an unseen horror
 15109 | D:13     | Noticed a centaur warrior
 15116 | D:13     | Killed a centaur warrior
 15116 | D:13     | Reached XP level 12. HP: 55/61 MP: 19/22
 15169 | D:13     | Reached skill level 13 in Stealth
 15238 | D:14     | Found a gate to the Vaults.
 15279 | D:13     | Noticed a centaur warrior
 15345 | D:13     | Killed a centaur warrior
 15474 | D:12     | Found a staircase to the Orcish Mines.
 15591 | D:12     | Reached skill level 10 in Dodging
 15825 | D:11     | Noticed an eight-headed hydra
 15839 | D:11     | Killed an eight-headed hydra
 15876 | D:11     | Learned a level 5 spell: Agony
 16198 | D:12     | Killed Nessos
 16198 | D:12     | Reached skill level 14 in Stealth
 16323 | D:12     | Found a roughly hewn altar of Beogh.
 16624 | Orc:1    | Entered Level 1 of the Orcish Mines
 16749 | Lair:1   | Entered Level 1 of the Lair of Beasts
 17462 | Lair:1   | Got a heavily runed lead ring
 17463 | Lair:1   | Identified the ring "Anwile" {rF+ Dex+3} (You found it on level 1 of the Lair of Beasts)
 18215 | Lair:2   | Noticed Fannar
 18224 | Lair:2   | Killed Fannar
 18248 | Lair:2   | Reached skill level 15 in Stealth
 18258 | Lair:2   | Reached XP level 13. HP: 65/65 MP: 9/23
 18364 | Lair:2   | Reached ****** piety under Kikubaaqudgha
 20175 | Lair:3   | Learned a level 3 spell: Dazzling Spray
 20886 | Lair:3   | Reached skill level 15 in Dodging
 21331 | Lair:4   | Found a hole to the Spider Nest.
 24697 | Lair:6   | Reached XP level 14. HP: 60/75 MP: 24/24
 25494 | D:10     | Learned a level 3 spell: Ozocubu's Armour
 25894 | Lair:6   | Found a staircase to the Swamp.
 26121 | Lair:6   | Reached skill level 1 in Ice Magic
 26661 | Lair:7   | Reached skill level 16 in Stealth
 26736 | Lair:7   | Noticed Kirke
 26813 | Lair:7   | Reached skill level 10 in Fighting
 26868 | Lair:7   | Killed Kirke
 26935 | Lair:7   | Noticed Snorg
 26948 | Lair:7   | Killed Snorg
 27334 | Lair:8   | Entered Level 8 of the Lair of Beasts
 28214 | Lair:8   | Found a staircase to the Slime Pits.
 28214 | Lair:8   | Found a viscous altar of Jiyva.
 28493 | Lair:7   | You fall through a shaft!
 28674 | Lair:8   | Reached skill level 17 in Stealth
 30359 | Orc:2    | Entered Level 2 of the Orcish Mines
 30399 | Orc:2    | Found Saxuxzaz's Antique Armour Shoppe.
 30406 | Orc:2    | Noticed an orc warlord
 30951 | Orc:2    | Found a staircase to the Elven Halls.
 31100 | Orc:1    | Killed an orc warlord
 31100 | Orc:1    | Reached XP level 15. HP: 80/80 MP: 13/28
 31437 | Orc:2    | Found Rajyxen's General Store.
 31534 | Orc:2    | Found Raimoez's Antique Weapon Shoppe.
 31586 | Orc:2    | Reached skill level 5 in Ice Magic
 31586 | Orc:2    | Reached skill level 18 in Stealth
 31688 | Orc:2    | Noticed an orc warlord
 31703 | Orc:2    | Killed an orc warlord
 31718 | Orc:2    | Found Yjybb's Jewellery Boutique.
 33400 | Orc:2    | Bought a runed short sword for 60 gold pieces
 35458 | D:14     | Found a glowing golden altar of the Shining One.
 35533 | D:14     | Found a stormy altar of Qazlal.
 35805 | D:15     | Entered Level 15 of the Dungeon
 35879 | D:15     | Reached skill level 19 in Stealth
 36498 | D:15     | Found a staircase to the Depths.
 36667 | D:15     | Found a blossoming altar of Fedhas.
 36889 | D:10     | Learned a level 6 spell: Simulacrum
 37050 | Swamp:1  | Entered Level 1 of the Swamp
 37103 | Swamp:1  | Noticed Frances
 37369 | Swamp:1  | Killed Frances
 37369 | Swamp:1  | Reached XP level 16. HP: 87/87 MP: 15/30
 37725 | Swamp:1  | Noticed a thorn hunter
 37744 | Swamp:1  | Killed a thorn hunter
 37950 | Swamp:2  | Reached skill level 10 in Necromancy
 39169 | Swamp:3  | Noticed Duraxyll's ghost (journeyman GrBe)
 40403 | Swamp:3  | Killed Duraxyll's ghost
 40403 | Swamp:3  | Reached skill level 20 in Stealth
 40563 | Swamp:3  | Learned a level 6 spell: Invisibility
 41732 | Swamp:4  | Entered Level 4 of the Swamp
 42373 | Swamp:4  | Noticed Galewind's ghost (adept DECj)
 42386 | Swamp:4  | Killed Galewind's ghost
 42582 | Swamp:4  | Noticed Roxanne
 43178 | Spider:1 | Entered Level 1 of the Spider Nest
 43730 | Spider:3 | Noticed Azrael
 46031 | Spider:3 | Noticed Arachne
 46134 | Spider:2 | Mangled by Arachne

Skill      XL: |  1  2  3  4  5  6  7  8  9 10 11 12 13 14 15 16 |
---------------+-------------------------------------------------+-----
Short Blades   | 2 3 4 6 8 9 10 | 10.5
Stealth        | 5 6 7 8 12 15 17 19 20 | 20.9
Hexes          | 4 6 9 10 | 10.0
Spellcasting   | 3 4 5 6 8 9 |  9.0
Fighting       | 1 3 4 6 9 10 11 | 11.0
Dodging        | 4 7 8 9 11 15 | 15.0
Necromancy     | 3 5 7 8 9 11 | 11.3
Shields        | 3 4 |  4.1
Ice Magic      | 4 6 8 |  8.8

Action                   |  1- 3 |  4- 6 |  7- 9 | 10-12 | 13-15 | 16-18 || total
-------------------------+-------+-------+-------+-------+-------+-------++-------
Melee: Dagger            |    71 |   111 |   300 |   828 |  1622 |   351 ||  3283
       Rapier            |       |       |       |     7 |       |    33 ||    40
       Short sword       |       |       |       |     2 |     5 |    67 ||    74
Throw: Stone             |       |       |       |     6 |    13 |     9 ||    28
 Cast: Corona            |     8 |       |       |       |       |       ||     8
       Ensorcelled Hiber |    15 |    28 |    10 |    10 |    60 |    31 ||   154
       Confuse           |     4 |    15 |    73 |   156 |   396 |   123 ||   767
       Dazzling Spray    |       |       |       |       |    88 |    93 ||   181
       Agony             |       |       |       |       |    33 |     8 ||    41
       Ozocubu's Armour  |       |       |       |       |     6 |     3 ||     9
       Dispel Undead     |       |       |       |       |    26 |    41 ||    67
       Invisibility      |       |       |       |       |       |     1 ||     1
Invok: Receive Corpses   |       |       |       |       |     1 |       ||     1
Evoke: Wand              |       |       |       |       |     2 |       ||     2
  Use: Scroll            |       |     7 |     3 |       |    16 |     1 ||    27
 Stab: Sleeping          |    30 |    42 |    28 |    53 |    93 |    45 ||   291
       Confused          |     2 |     5 |    28 |   112 |   266 |    56 ||   469
       Distracted        |       |       |     2 |     2 |     2 |     3 ||     9
       Invisible         |       |       |       |       |    31 |     7 ||    38
  Eat: Pizza             |       |     1 |       |       |       |     1 ||     2
       Fruit             |       |     1 |     3 |     1 |     8 |     6 ||    19
       Bread ration      |       |     1 |     1 |     3 |     4 |     2 ||    11
       Royal jelly       |       |       |       |       |     2 |       ||     2
Armor: Robe              |     8 |     9 |    28 |    29 |    41 |    27 ||   142
Dodge: Dodged            |    38 |    58 |   192 |   313 |   776 |   506 ||  1883
Block: Buckler           |       |       |       |    33 |   278 |   149 ||   460
